AoeStats
← 文風

Hill Fort

506739196Analyzed
4v4 RM · 17d ago on Sep 14, 2026· 18m 0s· 8 players
Game mode
Random Map
Map size
Large (8 player)
Population
200
Speed
Normal
Resources
Standard
Victory
Conquest
Starting age
Dark Age
Ending age
Imperial Age
RankedLock teamsTeams togetherTeam positionsShared explorationLock speedFull tech treeHidden civsTurbo modeCheats
Victory
Defeat
🇭🇰 Ethiopians · Hong Kong SAR China
1402
+13
🇨🇭 Goths · Switzerland
1390
+14
🇩🇪 Persians · Germany
1380
+14
🇺🇸 Spanish · United States
1340
+16
🇨🇱 Cumans · Chile
1362
-15
🇲🇽 Mapuche · Mexico
1358
-15
🇺🇸 Bulgarians · United States
1341
-14
🇨🇴 Saracens · Colombia
1317
-13
:) YO30830
lukardo
6:41 Loom
10:28 Feudal Age
15:04 Castle Age
17:14 Fletching
IamBritt
Thanos 2022
tower07
Prostate Exam Cameraman
Cronik
文風
5:05 Loom
9:25 Feudal Age
11:17 Double-Bit Axe
11:32 Gold Mining
14:02 Fletching
15:08 Padded Archer Armor
Connection lost

Rejoining the realm…

Still unreachable

The connection could not be restored.

Session expired

The server has moved on; the page needs a fresh start.